 Dungeon Crawl Stone Soup version 0.28.0-53-g5a82cb258f (webtiles) character file.

Game seed: 5114747317895625427

1220 bnorton916 the Sneak (level 8, 0/41 HPs)
             Began as a Deep Elf Fire Elementalist on July 15, 2022.
             Slain by Duvessa
             ... wielding a +0 rapier
              (10 damage)
             ... on level 5 of the Dungeon.
             The game lasted 00:08:28 (8659 turns).

bnorton916 the Sneak (Deep Elf Fire Elementalist)   Turns: 8659, Time: 00:08:28

Health: 0/41       AC:  6    Str: 11    XL:     8   Next: 23%
Magic:  3/20       EV: 12    Int: 23    God:
Gold:   134        SH:  0    Dex: 15    Spells: 4/20 levels left

rFire   . . .      SeeInvis .   b - staff of cold
rCold   + . .      Faith    .   (no shield)
rNeg    . . .      Spirit   .   a - +0 robe
rPois   .          Reflect  .   r - +1 helmet
rElec   .          Harm     .   s - +0 cloak
rCorr   .          Rampage  .   m - +0 pair of gloves
Will    .....                   (no boots)
Stlth   +++.......              (no amulet)
HPRegen 0.13/turn               g - +6 ring of strength
MPRegen 0.17/turn               i - ring of flight

@: marked, flying
A: no striking features
a: no special abilities


You were on level 5 of the Dungeon.
You visited 1 branch of the dungeon, and saw 6 of its levels.

You collected 134 gold pieces.

Inventory:

Hand Weapons
 h - a -1 dagger of freezing
Missiles
 c - 184 stones
 q - 8 boomerangs
Armour
 a - a +0 robe (worn)
 m - a +0 pair of gloves (worn)
 p - a +0 leather armour
 r - a +1 helmet (worn)
 s - a +0 cloak (worn)
Magical Staves
 b - a staff of cold (weapon)
Jewellery
 g - a +6 ring of strength (left hand)
 i - a ring of flight (right hand)
Wands
 f - a wand of iceblast (12)
Scrolls
 d - a scroll of brand weapon
 j - a scroll of fear
 n - a scroll of blinking
 o - a scroll of holy word
Potions
 e - a potion of curing {unknown}
 k - a potion of ambrosia
 l - 2 potions of flight {unknown}


   Skills:
 - Level 2.4 Dodging
 - Level 6.9 Stealth
 + Level 6.7 Spellcasting
 + Level 5.1 Conjurations
 - Level 3.0 Hexes
 + Level 6.0 Fire Magic
 + Level 0.7 Ice Magic


You had 4 spell levels left.
You knew the following spells:

 Your Spells              Type           Power      Damage    Failure   Level
a - Foxfire               Conj/Fire      100%       2x1d9     1%          1
b - Scorch                Fire           70%        2d9       1%          2
c - Conjure Flame         Conj/Fire      33%        6-21      2%          3
d - Flame Wave            Conj/Fire      33%        2d8       8%          4
e - Dazzling Flash        Conj/Hex       52%        N/A       4%          3
f - Frozen Ramparts       Ice            34%        1d5       17%         3

Your spell library contained the following spells:

 Spells                   Type           Power      Damage    Failure   Level
 Slow                     Hex            84%        N/A       2%          1
 Inner Flame              Hex/Fire       28%        N/A       3%          3
 Freeze                   Ice            68%        1d8       6%          1
 Confusing Touch          Hex            21%        N/A       7%          3
 Poisonous Vapours        Pois/Air       14%        N/A       12%         2
 Vampiric Draining        Necr           7%         2d6       24%         3
 Silence                  Hex/Air        7%         N/A       75%         5
 Agony                    Necr           7%         N/A       91%         5


Dungeon Overview and Level Annotations

Branches:
Dungeon (6/15)
 Temple: D:4-7

Altars:
Xom

Shops:
D:2 (   D:5 *

Annotations:
D:5 Duvessa


Message History

Casting: Flame Wave (quite dangerous; 9% risk of failure)
Confirm with . or Enter, or press ? or * to list all spells.
The spell is quite dangerous to miscast (9% risk of failure)!
Continue anyway? [Y]es or [N]o only, please.
The spell is quite dangerous to miscast (9% risk of failure)!
Continue anyway?
Okay, then.
Casting: Flame Wave (quite dangerous; 9% risk of failure)
Confirm with . or Enter, or press ? or * to list all spells.
The spell is quite dangerous to miscast (9% risk of failure)!
Continue anyway?
Casting: Flame Wave (quite dangerous; 9% risk of failure)
Press: ? - help, Dir - look around, f - activate A wave of flame ripples out!
The flame wave engulfs Duvessa!
Duvessa is moderately wounded. (Press . to intensify the flame waves.) Duvessa barely misses you.
Unknown command.
Unknown command.
A wave of flame ripples out!
The flame wave engulfs Duvessa but does no damage.
Duvessa is moderately wounded.
The flame wave engulfs Dowan!
Dowan is burned terribly!
Dowan is almost dead.
Duvessa closely misses you.
Dowan gestures wildly while chanting.
Dowan blinks!
Duvessa closely misses you.
Unknown command.
Unknown command.
A wave of flame ripples out!
The flame wave engulfs Duvessa!
Duvessa is severely wounded.
The flame wave engulfs Dowan!
Dowan is burned terribly!
You kill Dowan!
Duvessa weeps, and shakes her weapon.
Duvessa goes berserk!
You finish channelling waves of flame.
Duvessa hits you with a +0 rapier!
Unknown command.
Unknown command.
Duvessa hits you with a +0 rapier.
* * * LOW HITPOINT WARNING * * *
Duvessa hits you with a +0 rapier!
You die...

..............#
########......######
#,,,,.........#....#
#***#####+#+###....# # *,*,*
#....# # *,*,* #....# # *,*,*
#....# # ##### *,*,*
#.)..############## # #...# *.#,*
#e@..##............ ###...# *.#,#
##'####.......##### ..+...# *.#.#
#†# #.......#
###...###.#.####.####.......#
..............##............#
####......#.#.##............#
#######.....#.##............#####
#.....#.#####.##.####.#.........#
#####.#.......##.# #.#.#######.#


You could see Duvessa (berserk, fast).

Vanquished Creatures
  Grinder (D:5)
  Eustachio (D:5)
  Menkaure (D:5)
  A necrophage (D:5)
  2 ice beasts (D:5)
  An ogre (D:4)
  A centaur (D:4)
  2 scorpions (D:5)
  Dowan (D:5)
  An orc priest (D:4)
  2 hounds
  An iguana (D:4)
  3 gnolls (D:5)
  2 adders
  A white imp (D:5)
  An ufetubus (D:5)
  A worm (D:4)
  4 dart slugs
  4 orcs
  6 ball pythons
  2 endoplasms
  2 giant cockroaches
  7 goblins
  8 hobgoblins
  2 quokkas
  6 bats
  5 frilled lizards
  10 kobolds
  6 rats
85 creatures vanquished.

Vanquished Creatures (others)
  413 foxfires
413 creatures vanquished.

Grand Total: 498 creatures vanquished

Notes
Turn   | Place    | Note
-------+----------+-------------------------------------------
     0 | D:1      | bnorton916 the Deep Elf Fire Elementalist began the quest
                  | for the Orb.
     0 | D:1      | Reached XP level 1. HP: 10/10 MP: 6/6
   479 | D:1      | Reached XP level 2. HP: 15/15 MP: 1/8
  1399 | D:2      | Found Dutox's Antique Weapon Boutique.
  1854 | D:2      | Reached XP level 3. HP: 19/19 MP: 6/9
  2886 | D:3      | Reached XP level 4. HP: 16/24 MP: 6/11
  3068 | D:3      | Learned a level 2 spell: Scorch
  3072 | D:3      | Learned a level 3 spell: Conjure Flame
  3077 | D:3      | Learned a level 4 spell: Flame Wave
  3328 | D:3      | Found a faded altar of an unknown god.
  4095 | D:4      | Identified the +0 chain mail of Proximity {Harm rF- rN+
                  | Int+5}
  4140 | D:4      | Noticed a centaur
  4147 | D:4      | HP: 1/24 [centaur (6)]
  4148 | D:4      | Killed a centaur
  4149 | D:4      | Reached skill level 5 in Stealth
  4149 | D:4      | Reached XP level 5. HP: 2/28 MP: 3/13
  4520 | D:4      | Found a shimmering altar of Xom.
  4597 | D:4      | Noticed an ogre
  4610 | D:4      | Killed an ogre
  4611 | D:4      | Reached XP level 6. HP: 32/32 MP: 5/14
  5150 | D:4      | Got the Papyrus of Toxins and Cold
  5649 | D:5      | Entered Level 5 of the Dungeon
  5702 | D:5      | Noticed Eustachio
  6314 | D:5      | Noticed Dowan
  6315 | D:5      | Noticed Menkaure
  6316 | D:5      | Noticed Duvessa
  6919 | D:5      | Found Bacy's Fire Supplies.
  6941 | D:5      | Noticed Grinder
  6953 | D:5      | Killed Grinder
  6954 | D:5      | Reached skill level 5 in Spellcasting
  6954 | D:5      | Reached skill level 5 in Fire Magic
  6954 | D:5      | Reached XP level 7. HP: 33/36 MP: 5/17
  6968 | D:5      | Learned a level 3 spell: Dazzling Flash
  7198 | D:5      | Killed Eustachio
  7199 | D:5      | Reached skill level 1 in Hexes
  8085 | D:5      | Killed Menkaure
  8086 | D:5      | Reached XP level 8. HP: 12/41 MP: 8/19
  8232 | D:5      | Reached skill level 5 in Conjurations
  8312 | D:5      | Learned a level 3 spell: Frozen Ramparts
  8658 | D:5      | Killed Dowan
  8659 | D:5      | Slain by Duvessa

Illustrated notes

Levels and vault maps discovered:
D:1:      sevenhm_arrival_forest_fort_large_4, layout_basic,
          hangedman_decor_clover_reticule
D:2:      layout_basic, serial_shops, nicolae_shop_statue_plus,
          corexii_leaking_fountain, roderic_serpentine_path,
          roderic_filled_cross, nicolae_figureground_sparkle
D:3:      layout_basic, hellmonk_ecumenical_altar_inner_sanctum
D:4:      layout_basic, mainiacjoe_overflow_small_starburst
D:5:      layout_basic, nicolae_shop_fire_sale [nicolae_sub_dead_trees],
          dk_rats_in_the_wall, uniq_grinder, uniq_eustachio, uniq_duvessa,
          uniq_menkaure
D:6:      layout_gridville, mainiacjoe_overflow_24_doors

Skill      XL: |  1  2  3  4  5  6  7  8 |
---------------+-------------------------+-----
Stealth        | 3 4 5 6 |  6.9
Conjurations   | 2 3 4 5 |  5.1
Spellcasting   | 4 5 6 |  6.7
Fire Magic     | 4 5 6 |  6.0
Hexes          | 3 |  3.0
Dodging        | |  2.4
Ice Magic      | |  0.7

Action                   |  1- 3 |  4- 6 |  7- 9 || total
-------------------------+-------+-------+-------++-------
 Cast: Foxfire           |   128 |   101 |    27 ||   256
       Scorch            |       |    15 |    15 ||    30
       Conjure Flame     |       |     3 |     1 ||     4
       Flame Wave        |       |       |     1 ||     1
  Use: Scroll            |       |    10 |       ||    10
Armor: Robe              |     5 |    10 |    11 ||    26
Dodge: Dodged            |     3 |    24 |    31 ||    58
